Unix NetHack Version 3.7.0-89 Work-in-progress - last build Nov 29 2023 03:14:05 (8663f69846b387d428bf56816b0fc57e108cd183,branch:master). Game began 2023-12-03 14:31:05, ended 2023-12-03 19:30:25. DoktorL, lawful female dwarven Valkyrie --------- --- |.......| +.. ..... #....| #........| |`...h..| #|....# #|.......| |.%.....| ## ...|# #----.---- -.---- ## ..|# # ## #### -------- # # # # ## # ....[..| ## ### ### ############ ## |......| # ## # # #-|---.------ |..$...----# ## # |.)........| ----..%...|# ## # .........[.| |...%..|% #### # |..........| |...<..-### --.-+--- # |..(^......| ---.----# ..?...)|## ------------ |......|# |...^...# |......| -------- DoktorL the Woman-at-arms St:18 Dx:13 Co:21 In:13 Wi:9 Ch:9 Lawful S:39394 Dlvl:17 $:646 HP:0(109) Pw:17(17) AC:-2 Xp:10/9482 T:11556 Latest messages: In what direction? Lock it? [ynq] (q) You succeed in locking the door. Ouch! You bump into a door. Ouch! You bump into a door. Ouch! You bump into a door. Ouch! You bump into a door. Ouch! You bump into a door. In what direction? As you kick the door, it crashes open! In what direction? Your clumsy kick does no damage. The giant rat bites! In what direction? You kick the giant rat. The giant rat bites! In what direction? Your clumsy kick does no damage. The giant rat misses! You kill the giant rat! E - a dark potion. There's some graffiti on the floor here. You read: "They say th?t ? cu?sed sc?o|l c? tcleporta?i?n cc?l| lan| you in troubl?.". You kill the giant rat! You see here a giant rat corpse. You hear a door open. $ - 15 gold pieces (646 in total). # You trip over your own feet. You make a lot of noise! It hits! It hits again! It bites! You hit it. It hits! It misses! It bites! You miss it. It hits! It hits again! It bites! You hit it. You miss it. It hits! It hits again! It bites! You hit it. It hits! You die... Do you want your possessions identified? [ynq] (y) Inventory: Coins $ - 646 gold pieces Amulets z - a cursed amulet of change v - an uncursed amulet of reflection (being worn) Weapons b - 4 +0 daggers (alternate weapons; not wielded) M - a +1 dwarvish spear l - 2 +0 orcish daggers a - the blessed rustproof +0 Excalibur (weapon in hand) Armor q - an uncursed burnt +0 elven leather helm (being worn) T - an uncursed +0 pair of leather gloves (being worn) p - a cursed -1 pair of fumble boots (being worn) c - an uncursed burnt +3 small shield (being worn) I - an uncursed burnt +2 dwarvish cloak (being worn) g - an uncursed +0 mummy wrapping H - an uncursed +0 dwarvish mithril-coat (being worn) Comestibles K - an uncursed food ration f - 3 uncursed fortune cookies d - 2 uncursed pears S - an uncursed sprig of wolfsbane Z - an uncursed tin of smoked giant ant meat m - an uncursed lizard corpse P - an uncursed lizard corpse Scrolls F - a blessed scroll of blank paper x - 6 uncursed scrolls of blank paper n - a blessed scroll of fire w - an uncursed scroll of food detection C - an uncursed scroll of gold detection A - a blessed scroll of identify B - 4 uncursed scrolls of identify k - a cursed scroll of identify U - an uncursed scroll of light N - an uncursed scroll of teleportation Potions E - an uncursed potion of gain energy D - an uncursed potion of paralysis G - a blessed potion of sleeping r - a potion of holy water Rings i - an uncursed +2 ring of adornment j - an uncursed +1 ring of gain constitution (on right hand) Y - an uncursed ring of poison resistance y - a cursed -2 ring of protection R - an uncursed ring of protection from shape changers W - an uncursed ring of see invisible L - an uncursed ring of sustain ability Wands h - a wand of cold (0:5) o - a wand of create monster (0:13) Q - a wand of fire (0:4) u - a wand of locking (0:4) X - a wand of striking (0:7) O - a wand of striking (0:5) Tools t - an uncursed tooled horn V - an uncursed blindfold J - a magic marker (0:95) s - an uncursed skeleton key e - a +0 unicorn horn DoktorL the Valkyrie's attributes: Background: You were a Woman-at-arms, a level 10 dwarven Valkyrie. You were lawful, on a mission for Tyr who was opposed by Odin (neutral) and Loki (chaotic). You were in the Dungeons of Doom, on level 17. You entered the dungeon 11556 turns ago. You had 9482 experience points, 518 more were needed to attain level 11. Your score was 39394 before end-of-game adjustments. Basics: You had 0 out of 109 hit points. You had all 17 energy points (spell power). Your armor class was -2. Your wallet contained 646 zorkmids. Autopickup was on for '$"?!/=' plus thrown, with exceptions. Final Characteristics: Your strength was 18 (limit:18/100). Your dexterity was 13 (limit:20). Your constitution was 21 (base:20, innate limit:20). Your intelligence was 13 (limit:16). Your wisdom was 9 (limit:16). Your charisma was 9 (limit:16). Final Status: You fumbled. You weren't hungry. You were unencumbered. You were wielding a long sword. You were skilled in long sword and could have enhanced that. Final Attributes: You were piously aligned. You were fire resistant. You were cold resistant. You were poison resistant. You were level-drain resistant. You were telepathic. You had automatic searching. You had infravision. You were stealthy. You were guarded. You were fast. You had reflection. You are dead. Miscellaneous: You disabled loading of bones levels. Total elapsed playing time was 44 minutes and 17 seconds. Major events: Turn 1: DoktorL the lawful dwarven Valkyrie entered the dungeon 660: attained the rank of Skirmisher (level 3) 810: entered the Gnomish Mines 1667: reached Mine Town 3130: had Excalibur thrown at them by some watery tart 3283: attained the rank of Fighter (level 6) 3525: entered Sokoban 4328: completed 2nd Sokoban level 4857: completed 3rd Sokoban level 5854: completed 4th Sokoban level 6283: acquired the Sokoban amulet of reflection 9186: attained the rank of Woman-at-arms (level 10) 11556: killed by an invisible gargoyle Vanquished creatures: 9 ghosts 2 giant mimics a zruty a rock troll a wumpus a stalker an earth elemental 8 giant zombies a water demon 6 small mimics a quantum mechanic a pyrolisk 2 flaming spheres a tiger an ochre jelly a leocrotta 9 wraiths a carnivorous ape an ettin zombie a Grey-elf a chameleon 2 giant beetles 3 quivering blobs 2 cockatrices 5 wolves 2 winter wolf cubs a panther a leprechaun an iron piercer 2 giant spiders 2 scorpions 2 horses an ice vortex a black light 2 vampire bats a gnome ruler an orc mummy a dwarf mummy a rust monster an owlbear a gold golem a werewolf a Green-elf 3 lizards 2 housecats a jaguar a blue jelly a gray unicorn 2 ravens a plains centaur a snake 3 apes 14 human zombies a Woodland-elf 11 fire ants 4 bugbears a quasit a wood nymph 2 water nymphs 7 Mordor orcs 2 rock moles a pony a fog cloud 3 yellow lights 2 shriekers a violet fungus 2 gnome leaders 3 gnomish wizards a black naga hatchling a gray ooze 6 elf zombies 3 ghouls 2 paper golems a little dog a floating eye 3 dwarves a homunculus a kobold leader a kobold shaman 5 rothes 3 rabid rats a giant bat 9 orc zombies 9 dwarf zombies a wererat 2 werejackals 3 iguanas 2 acid blobs 6 coyotes a large kobold 3 hobgoblins 18 giant rats 3 cave spiders 2 yellow molds 2 red molds 3 gnomes 6 gnome zombies 7 geckos 6 jackals a kobold 9 goblins 3 sewer rats 8 grid bugs 2 bats 4 lichens 11 kobold zombies 11 newts 319 creatures vanquished. No species were genocided or became extinct. Voluntary challenges: You read items or engraved 9 times. You engraved Elbereth 2 times. You never had a pet. You never genocided any monsters. You never polymorphed an object. You never changed form. You used no wishes. You did not violate any of the special Sokoban rules. Achievements: You attained the rank of Skirmisher. You entered the Gnomish Mines. You entered Minetown. You entered a temple. You entered a shop. You attained the rank of Fighter. You entered Sokoban. You completed Sokoban. You attained the rank of Woman-at-arms. The Dungeons of Doom: levels 1 to 17 Level 1: Level 2: A fountain. Level 3: A fountain. Stairs down to The Gnomish Mines. Level 4: A fountain, a sink. Level 5: A weapon shop, some fountains, a sink. Level 6: Level 7: A fountain, a sink. Stairs up to Sokoban, level 6. Level 8: A fountain. Level 9: Many altars, a fountain. Level 10: A throne. Level 11: A general store, a grave. Level 12: "WWWWWWWWW" An altar, a sink, many graves. Summoned by the Norn. Portal to The Quest. Level 13: "WWWWWWWWW" A fountain, many graves. Level 14: Level 15: A primitive area. Level 16: "WWWWW" Level 17: <- You were here. Final resting place for you, killed by an invisible gargoyle. The Gnomish Mines: levels 4 to 6 Level 4: Level 5: Level 6: Some shops, a temple and an altar, a fountain. The Quest: Level 1: A fountain. Home. Sokoban: levels 6 up to 3 Level 3: Solved. Level 4: Solved. Level 5: Solved. Level 6: Unsolved. Game over: ---------- / \ / REST \ / IN \ / PEACE \ / \ | DoktorL | | 646 Au | | killed by an | | invisible | | gargoyle | | | | 2023 | *| * * * | * _________)/\\_//(\/(/\)/\//\/|_)_______ Farvel DoktorL the Valkyrie... You died in The Dungeons of Doom on dungeon level 17 with 39330 points, and 646 pieces of gold, after 11556 moves. You were level 10 with a maximum of 109 hit points when you died.